 Dungeon Crawl Stone Soup version 0.29-a0-557-g43b9904bd1 (webtiles) character file.

Game seed: 15607388804984994519

236 DocClef the Covert (level 6, 0/53 HPs)
             Began as a Gnoll Delver on June 8, 2022.
             Was an Initiate of Trog.
             Succumbed to a scorpion's poison
             ... on level 5 of the Dungeon.
             The game lasted 00:01:19 (536 turns).

DocClef the Covert (Gnoll Delver)                    Turns: 536, Time: 00:01:20

Health: 0/53       AC:  4    Str: 13    XL:     6   Next: 6%
Magic:  8/8        EV: 13    Int: 10    God:    Trog [......]
Gold:   71         SH:  0    Dex: 13    Spells: 8/8 levels left

rFire   . . .      SeeInvis .   a - +0 short sword
rCold   . . .      Faith    .   (no shield)
rNeg    . . .      Spirit   .   b - +0 leather armour
rPois   .          Reflect  .   (no helmet)
rElec   .          Harm     .   j - +0 cloak
rCorr   .          Rampage  .   (no gloves)
Will    .....                   (no boots)
Stlth   ++++......              (no amulet)
HPRegen 0.17/turn               (no ring)
MPRegen 0.11/turn               (no ring)

@: lethally poisoned (0 -> -15)
A: fangs 1, strong nose, distributed training
a: Renounce Religion


You were on level 5 of the Dungeon.
You worshipped Trog.
Trog was noncommittal.
You visited 2 branches of the dungeon, and saw 2 of its levels.

You collected 71 gold pieces.

Inventory:

Hand Weapons
 a - a +0 short sword (weapon)
Armour
 b - a +0 leather armour (worn)
 j - a +0 cloak (worn)
Wands
 g - a wand of digging (7)
 k - a wand of iceblast (11)
 l - a wand of flame (21)
Scrolls
 c - a scroll of fog
 d - a scroll of magic mapping
 e - a scroll of fear
 h - a scroll of enchant armour {unknown}
 i - a scroll of vulnerability {unknown}
Potions
 f - a potion of haste
 m - 2 potions of degeneration {unknown}
 n - a potion of curing {unknown}


   Skills:
 + Level 6.8 Fighting
 + Level 4.9 Short Blades
 + Level 1.8 Long Blades
 + Level 1.8 Axes
 + Level 1.8 Maces & Flails
 + Level 1.8 Polearms
 + Level 1.8 Staves
 + Level 1.8 Slings
 + Level 1.8 Bows
 + Level 1.8 Crossbows
 + Level 1.8 Throwing
 + Level 1.8 Armour
 + Level 4.9 Dodging
 + Level 9.7 Stealth
 + Level 1.8 Shields
 + Level 1.8 Unarmed Combat
 + Level 1.8 Spellcasting
 + Level 1.4 Conjurations
 + Level 1.4 Hexes
 + Level 1.4 Summonings
 + Level 1.4 Necromancy
 + Level 1.4 Translocations
 + Level 1.4 Transmutations
 + Level 1.4 Fire Magic
 + Level 1.4 Ice Magic
 + Level 1.4 Air Magic
 + Level 1.4 Earth Magic
 + Level 1.4 Poison Magic
 + Level 2.0 Invocations
 + Level 1.8 Evocations


You had 8 spell levels left.
You didn't know any spells.
Your spell library was empty.

Dungeon Overview and Level Annotations

Branches:
Dungeon (5/15)             Temple (1/1) D:5

Altars:
Cheibriados
Dithmenos
Elyvilon
Fedhas
Gozag
Nemelex Xobeh
Ru
Trog
Uskayaw
Vehumet
Wu Jian
Xom
Zin
Ignis

Shops:
D:5 ?


Innate Abilities, Weirdness & Mutations

You have very sharp teeth.
Your uncanny sense of smell can sniff out nearby items.
Your experience applies equally to all skills.


Message History

You are too injured to fight recklessly!
You are too injured to fight recklessly!
You are too injured to fight recklessly!
You are too injured to fight recklessly!
You are too injured to fight recklessly!
You are too injured to fight recklessly!
You are too injured to fight recklessly!
You are too injured to fight recklessly!
You hit the scorpion but do no damage.
The scorpion is moderately wounded.
You feel very sick. The scorpion completely misses you.
You closely miss the scorpion.
The scorpion is moderately wounded.
You feel sick. The scorpion stings you.
* * * LOW HITPOINT WARNING * * *
You hit the scorpion but do no damage.
The scorpion is moderately wounded.
You feel sick. The scorpion barely misses you.
You hit the scorpion but do no damage.
The scorpion is moderately wounded.
You feel sick. The scorpion barely misses you.
You closely miss the scorpion.
The scorpion is moderately wounded.
You feel sick.
The scorpion stings you but does no damage.
You hit the scorpion. Your bite misses the scorpion.
The scorpion is heavily wounded.
You feel sick. The scorpion stings you.
* * * LOW HITPOINT WARNING * * *
You are lethally poisoned!
The scorpion poisons you!
You hit the scorpion but do no damage.
The scorpion is heavily wounded.
* * * LOW HITPOINT WARNING * * *
You feel very sick. The scorpion closely misses you.
You hit the scorpion but do no damage.
The scorpion is heavily wounded.
You die...

#####.###.##........
# #. #.####..####
#.# #........... #(#
#######..### #.#
##.###
#.#######.#######
#..##
..............#
##.##
#.s.....!.$.#####..#
#..@........#.......
#...........######..
#...........# ##.
#...........# #.
#...........# ## #.
#.....#####.# # #.#
#.###.# # # # #.#
#.# #.# # #.# #.#
#.# ##


You could see a scorpion.

Vanquished Creatures
  Grinder (D:5)
  A hound (D:5)
  An adder (D:5)
  An orc (D:5)
  A quokka (D:5)
5 creatures vanquished.

Notes
Turn   | Place    | Note
-------+----------+-------------------------------------------
     0 | D:5      | Reached skill level 9 in Stealth
     0 | D:5      | DocClef the Gnoll Delver began the quest for the Orb.
     0 | D:5      | Reached XP level 1. HP: 23/23 MP: 1/1
    34 | D:5      | Reached XP level 2. HP: 29/29 MP: 2/2
    54 | D:5      | Reached skill level 1 in Invocations
    54 | D:5      | Reached XP level 3. HP: 35/35 MP: 2/4
    81 | D:5      | Found a shadowy altar of Dithmenos.
   227 | D:5      | Found Felonaot's Magic Scroll Shoppe.
   350 | D:5      | Noticed Grinder
   366 | D:5      | Killed Grinder
   367 | D:5      | Reached skill level 1 in Long Blades
   367 | D:5      | Reached skill level 1 in Axes
   367 | D:5      | Reached skill level 1 in Maces & Flails
   367 | D:5      | Reached skill level 1 in Polearms
   367 | D:5      | Reached skill level 1 in Staves
   367 | D:5      | Reached skill level 1 in Slings
   367 | D:5      | Reached skill level 1 in Bows
   367 | D:5      | Reached skill level 1 in Crossbows
   367 | D:5      | Reached skill level 1 in Throwing
   367 | D:5      | Reached skill level 1 in Armour
   367 | D:5      | Reached skill level 1 in Shields
   367 | D:5      | Reached skill level 1 in Unarmed Combat
   367 | D:5      | Reached skill level 1 in Spellcasting
   367 | D:5      | Reached skill level 1 in Conjurations
   367 | D:5      | Reached skill level 1 in Hexes
   367 | D:5      | Reached skill level 1 in Summonings
   367 | D:5      | Reached skill level 1 in Necromancy
   367 | D:5      | Reached skill level 1 in Translocations
   367 | D:5      | Reached skill level 1 in Transmutations
   367 | D:5      | Reached skill level 1 in Fire Magic
   367 | D:5      | Reached skill level 1 in Ice Magic
   367 | D:5      | Reached skill level 1 in Air Magic
   367 | D:5      | Reached skill level 1 in Earth Magic
   367 | D:5      | Reached skill level 1 in Poison Magic
   367 | D:5      | Reached skill level 1 in Evocations
   367 | D:5      | Reached XP level 4. HP: 40/41 MP: 4/6
   367 | D:5      | Reached XP level 5. HP: 46/47 MP: 4/7
   367 | D:5      | Reached XP level 6. HP: 52/53 MP: 4/8
   367 | D:5      | Found a staircase to the Ecumenical Temple.
   377 | Temple   | Entered the Ecumenical Temple
   469 | Temple   | Became a worshipper of Trog the Wrathful
   536 | D:5      | Succumbed to a scorpion's poison

Illustrated notes

Levels and vault maps discovered:
D:5:      layout_basic, mainiacjoe_overflow_tiny_flanked,
          minmay_temple_entry_junction_2, serial_shops, shop, uniq_menkaure,
          uniq_grinder
Temple:   pdpol_scorched_temple

Skill      XL: |  1  2  3 |
---------------+----------+-----
Stealth        | |  9.7
Invocations    | 1 2 |  2.0
Long Blades    | 1 |  1.8
Axes           | 1 |  1.8
Maces & Flails | 1 |  1.8
Polearms       | 1 |  1.8
Staves         | 1 |  1.8
Slings         | 1 |  1.8
Bows           | 1 |  1.8
Crossbows      | 1 |  1.8
Throwing       | 1 |  1.8
Armour         | 1 |  1.8
Shields        | 1 |  1.8
Unarmed Combat | 1 |  1.8
Spellcasting   | 1 |  1.8
Conjurations   | 1 |  1.4
Hexes          | 1 |  1.4
Summonings     | 1 |  1.4
Necromancy     | 1 |  1.4
Translocations | 1 |  1.4
Transmutations | 1 |  1.4
Fire Magic     | 1 |  1.4
Ice Magic      | 1 |  1.4
Air Magic      | 1 |  1.4
Earth Magic    | 1 |  1.4
Poison Magic   | 1 |  1.4
Evocations     | 1 |  1.8
Fighting       | |  6.8
Short Blades   | |  4.9
Dodging        | |  4.9

Action                   |  1- 3 |  4- 6 || total
-------------------------+-------+-------++-------
Melee: Short sword       |    22 |    29 ||    51
       Bite              |     1 |     6 ||     7
       Punch             |       |     2 ||     2
 Stab: Sleeping          |     3 |       ||     3
Armor: Leather armour    |       |     5 ||     5
Dodge: Dodged            |    14 |    15 ||    29

Table legend: (Time is in decaauts)
 A = Elapsed time spent in this place.
 B = Non-inter-level travel time spent in this place.
 C = Inter-level travel time spent in this place.
 D = Time resting spent in this place.
 E = Time spent auto-exploring this place.
 F = Levels seen in this place.
 G = Mean time per level.
                   A        B        C        D        E       F      G
               +--------+--------+--------+--------+--------+-----+--------+
         Total |    529 |    501 |     28 |      0 |    378 |   2 |  264.5 |
       Dungeon |    426 |    426 |      0 |      0 |    317 |   1 |  426.0 |
        Temple |    102 |     74 |     28 |      0 |     61 |   1 |  102.0 |
               +--------+--------+--------+--------+--------+-----+--------+

Top non-repeatable levels by time:
     D:5: 426 daAuts
  Temple: 102 daAuts
